 Dungeon Crawl Stone Soup version 0.30.0-13-g156ef70053 (webtiles) character file.

Game seed: 17813991763050357684

3411 Esekla the Grave Robber (level 10, 0/64 HPs)
             Began as an Octopode Necromancer on May 17, 2023.
             Was an Initiate of Gozag.
             Slain by a hornet (12 damage)
             ... on level 8 of the Dungeon.
             The game lasted 00:41:41 (7289 turns).

Esekla the Grave Robber (Octopode Necromancer)      Turns: 7289, Time: 00:41:42

Health: 0/64       AC:  5    Str:  7    XL:     10   Next: 4%
Magic:  23/26      EV: 15    Int: 22    God:    Gozag
Gold:   528        SH:  0    Dex: 13    Spells: 13/19 levels left

rFire   + . .        a - +6 rapier (speed)
rCold   . . .        J - orb {*channel}
rNeg    . . .        (helmet restricted)
rPois   .            q - amulet of regeneration
rElec   .            w - +4 ring of protection
rCorr   +            n - ring of magical power
SInv    .            H - ring of protection from fire
Will    +....        K - ring of willpower
Stlth   ++++         M - ring of resist corrosion
HPRegen 1.10/turn    (no ring)
MPRegen 0.20/turn    (no ring)
                     (no ring)

%: channel magic (20%)
@: lethally poisoned (0 -> -1), slowed, very slow
A: almost no armour, amphibious, 8 rings, camouflage 1, gelatinous body 1,
(nimble swimmer 1), tentacles
a: Renounce Religion, Potion Petition, Call Merchant, Bribe Branch


You were on level 8 of the Dungeon.
You worshipped Gozag.
Gozag was pleased with you.
You visited 2 branches of the dungeon, and saw 9 of its levels.
You also visited: Sewer.

You collected 1133 gold pieces.
You spent 60 gold pieces at shops.
You paid 545 gold pieces to Gozag.

Inventory:

Hand Weapons
 a - a +6 rapier of speed (weapon)
 c - a +3 scimitar
 r - a +0 trident of pain
 s - a +0 dagger
 u - a +2 quarterstaff of holy wrath
Missiles
 f - 32 poisoned darts (quivered)
 j - 15 boomerangs
 k - a curare-tipped dart
 L - 2 javelins
Armour
 I - a +0 buckler
 J - an orb of energy (worn)
Jewellery
 n - a ring of magical power (right tentacle)
 q - an amulet of regeneration (around mantle)
 w - a +4 ring of protection (left tentacle)
 H - a ring of protection from fire (on tentacle)
 K - a ring of willpower (on tentacle)
 M - a ring of resist corrosion (on tentacle)
Wands
 l - a wand of mindburst (10)
Scrolls
 d - 3 scrolls of summoning {unknown}
 e - 5 scrolls of fog {unknown}
 g - 2 scrolls of magic mapping {unknown}
 o - 5 scrolls of teleportation {unknown}
 p - a scroll of immolation {unknown}
 t - a scroll of noise {unknown}
 x - 2 scrolls of enchant weapon {unknown}
 y - a scroll of acquirement {unknown}
 A - 3 scrolls of enchant armour {unknown}
 G - 2 scrolls of fear {unknown}
Potions
 b - 2 potions of heal wounds
 h - 2 potions of berserk rage
 i - a potion of flight {unknown}
 m - 4 potions of curing
 v - a potion of experience
 z - a potion of attraction
 B - a potion of magic
 C - a potion of haste
 D - 2 potions of mutation
 E - a potion of might
 F - a potion of lignification {unknown}


   Skills:
 * Level 4.2 Fighting
 + Level 4.2(5.2) Short Blades
 * Level 4.5(5.4) Long Blades
 + Level 0.3(0.6) Polearms
 + Level 0.7(0.9) Staves
 + Level 0.7 Throwing
 * Level 5.3 Dodging
 + Level 6.7 Stealth
 * Level 1.4 Shields
 * Level 5.3 Spellcasting
 * Level 6.8 Necromancy
 * Level 4.1 Transmutations


You had 13 spell levels left.
You knew the following spells:

 Your Spells              Type           Power      Damage    Failure   Level
a - Necrotise             Necr           100%       1d9       3%          1
d - Vampiric Draining     Necr           36%        2d8       8%          3
w - Wereblood             Tmut           24%        N/A       10%         2

Your spell library contained the following spells:

 Spells                   Type           Power      Damage    Failure   Level
 Beastly Appendage        Tmut           48%        N/A       8%          1
 Slow                     Hex            20%        N/A       24%         1
 Spider Form              Tmut/Pois      15%        N/A       28%         3
 Agony                    Necr           36%        N/A       34%         5
 Confusing Touch          Hex            5%         N/A       52%         3
 Gell's Gravitas          Tloc           5%         N/A       52%         3
 Inner Flame              Hex/Fire       5%         N/A       52%         3
 Portal Projectile        Hex/Tloc       10%        N/A       52%         3
 Teleport Other           Tloc           5%         N/A       52%         3
 Tukima's Dance           Hex            5%         N/A       52%         3
 Blade Hands              Tmut           12%        N/A       65%         5
 Borgnjor's Vile Clutch   Necr/Erth      10%        N/A       75%         5
 Death Channel            Necr           18%        N/A       83%         6
 Yara's Violent Unravell  Hex/Tmut       7%         3d5       89%         5
 Dispersal                Tloc           2%         N/A       100%        6
 Enfeeble                 Hex            2%         N/A       100%        7
 Animate Dead             Necr           Unusable   N/A       N/A         4

Dungeon Overview and Level Annotations

Branches:
Dungeon (8/15)             Temple (1/1) D:5           Sewer (visited)
   Lair: D:8-11

Altars:
Ashenzari
Cheibriados
Elyvilon
Fedhas
Gozag
Hepliaklqana
Kikubaaqudgha
Okawaru
Ru
Vehumet
Wu Jian
Zin

Shops:
D:7 *[!*

Annotations:
D:6 steam dragon, Edmund


Innate Abilities, Weirdness & Mutations

You cannot wear most types of armour.
You are amphibious.
You can wear up to eight rings at the same time.
Your skin changes colour to match your surroundings (Stealth+).
Your rubbery body absorbs attacks. (AC +1, EV +1)
((You are camouflaged when in or above water. (Stealth+)))
You have tentacles for arms and can constrict up to eight enemies at once.


Message History

You squeeze the hornet, but do no damage.
The hornet is heavily wounded.
The hornet stings you.
You are poisoned.
You feel yourself slow down.
Casting: Vampiric Draining (dangerous; 8% risk of failure)
Confirm with . or Enter, or press ? or * to list all spells.
Aiming: Vampiric Draining (dangerous; 8% risk of failure)
Press: ? - help, Shift-Dir - straight line, f/p - hornet
Aim: a hornet (heavily wounded)
You draw life force from the hornet.
You feel life coursing into your body. Magical energy flows into your mind!
You feel yourself speed up.
You feel very sick. The hornet stings you!
You are more poisoned.
You feel yourself slow down. The hornet stings you!
You suddenly lose the ability to move!
You feel very sick. The hornet stings you!
You feel as though you will be slow longer.
The hornet barely misses you.
You feel very sick. The hornet stings you.
* * * LOW HITPOINT WARNING * * *
You shrug off the repeated paralysis!
You can move again.
Casting: Vampiric Draining (dangerous; 8% risk of failure)
Confirm with . or Enter, or press ? or * to list all spells.
Aiming: Vampiric Draining (dangerous; 8% risk of failure)
Press: ? - help, Shift-Dir - straight line, f/p - hornet
Aim: a hornet (heavily wounded)
You draw life force from the hornet.
You feel life coursing into your body.
You feel very sick. The hornet stings you.
* * * LOW HITPOINT WARNING * * *
You feel as though you will be slow longer.
The hornet stings you!
You die...
Your body crumbles into a pile of gold.

###### #.#.##.####.....#
.....######...............##
####.......##.###.######...#
.....#####.##.# #.#8...#.#.#
..##.##.[.....###.###..#.#.###
#.##.##.##.#####...).._#.....####
........##.# #...###..#.#.#.....
.....!.....# #...#8...#.#...####
##...####### #.@y######...### #
.....# #.#.(.(((..### #
##...######## #.########## #
#...#......###........# ####
#...#.####.#....#####.#### #...
##...#.##....>......#.....# #.##
............#.##.##.#.....# #.#
............#.##..........# #)##
............#.#######.....# #..#


You could see a hornet.

Vanquished Creatures
  Sigmund (D:6)
  2 humans (D:8)
  2 steam dragons
  2 water moccasins
  Duvessa (D:6)
  An orc warrior (D:8)
  2 sky beasts (D:6)
  A black bear (D:5)
  2 ogres (D:5)
  A centaur (D:7)
  2 phantoms
  Blork the orc (D:6)
  4 kobold brigands
  2 bullfrogs
  A gnoll sergeant (D:7)
  4 wights (D:8)
  Dowan (D:6)
  A howler monkey (D:6)
  4 hounds
  A jelly (D:6)
  3 orc priests
  A sleepcap (D:6)
  5 iguanas
  6 orc wizards
  5 adders
  6 gnolls
  4 river rats (Sewer)
  2 white imps
  An ufetubus (D:6)
  A worm (D:4)
  A dart slug (D:4)
  24 orcs
  8 ball pythons
  7 endoplasms
  3 giant cockroaches
  5 goblins
  4 hobgoblins
  11 jackals
  11 kobolds
  3 quokkas
  4 bats
  9 frilled lizards
  8 rats
168 creatures vanquished.

Vanquished Creatures (others)
  An orc (D:8)
1 creature vanquished.

Grand Total: 169 creatures vanquished

Notes
Turn   | Place    | Note
-------+----------+-------------------------------------------
     0 | D:1      | Esekla the Octopode Necromancer began the quest for the
                  | Orb.
     0 | D:1      | Reached XP level 1. HP: 11/11 MP: 3/3
   287 | D:1      | Reached XP level 2. HP: 17/17 MP: 5/5
   374 | D:1      | Found a faded altar of an unknown god.
   757 | D:1      | Reached XP level 3. HP: 22/22 MP: 6/6
   761 | D:1      | Learned a level 3 spell: Vampiric Draining
  1632 | D:3      | Found a broken altar of Ashenzari.
  1912 | D:3      | Reached XP level 4. HP: 27/27 MP: 7/7
  2486 | D:4      | Reached skill level 1 in Fighting
  2486 | D:4      | Reached skill level 1 in Short Blades
  2657 | D:4      | Reached XP level 5. HP: 33/33 MP: 8/8
  2763 | D:4      | Found a radiant altar of Vehumet.
  2778 | D:4      | Found a hazy altar of Hepliaklqana.
  2867 | D:4      | Learned a level 2 spell: Wereblood
  3112 | D:5      | Entered Level 5 of the Dungeon
  3130 | D:5      | Noticed a water moccasin
  3141 | D:5      | Killed a water moccasin
  3142 | D:5      | Reached XP level 6. HP: 4/38 MP: 8/9
  3324 | D:5      | Reached skill level 1 in Transmutations
  3446 | D:5      | Found a staircase to the Ecumenical Temple.
  3446 | D:5      | Noticed a black bear
  3468 | D:5      | Killed a black bear
  3469 | D:5      | Reached skill level 5 in Necromancy
  3473 | D:5      | Reached XP level 7. HP: 44/44 MP: 11/11
  3511 | Temple   | Entered the Ecumenical Temple
  3528 | Temple   | Became a worshipper of Gozag Ym Sagoz the Greedy
  3817 | D:5      | Reached skill level 5 in Stealth
  3878 | D:5      | Reached skill level 1 in Long Blades
  4212 | D:5      | Reached XP level 8. HP: 20/51 MP: 11/13
  4362 | D:6      | Noticed Blork the orc
  4370 | D:6      | Killed Blork the orc
  4413 | D:6      | Found a glowing drain.
  4498 | Sewer    | Entered a sewer
  5413 | D:6      | Noticed Sigmund
  5423 | D:6      | Killed Sigmund
  5480 | D:6      | Noticed Duvessa
  5482 | D:6      | Noticed Dowan
  5495 | D:6      | Killed Duvessa
  5496 | D:6      | Reached XP level 9. HP: 20/57 MP: 11/15
  5496 | D:6      | HP: 1/57 [Dowan/shard of ice (20)]
  5498 | D:6      | Killed Dowan
  5560 | D:6      | Noticed Edmund
  5901 | D:7      | Found Haishat's Armour Shoppe.
  6150 | D:7      | Found Xobbyisa's General Store.
  6212 | D:7      | Found Eten's Assorted Antiques.
  6225 | D:7      | Bought a scroll labelled HATUAG LYLAHIA for 24 gold pieces
  6265 | D:7      | Bought a scroll of identify for 22 gold pieces
  6310 | D:7      | Reached skill level 5 in Dodging
  6497 | D:7      | Bought a potion of degeneration for 14 gold pieces
  6592 | D:8      | Found an iron altar of Okawaru.
  6656 | D:8      | Reached skill level 5 in Spellcasting
  6784 | D:8      | Reached skill level 1 in Shields
  6932 | D:8      | Reached XP level 10. HP: 63/63 MP: 17/17
  7286 | D:8      | Paralysed by a hornet for 3 turns
  7289 | D:8      | Slain by a hornet

Illustrated notes

Levels and vault maps discovered:
D:1:      giann_forest_graveyard, layout_basic,
          hellmonk_ecumenical_altar_arch_garden
D:2:      layout_loops_ring
D:3:      layout_loops_cross, ashenzari_conservatory_becter
D:4:      layout_loops_ring, mainiacjoe_overflow_catwalk_spiral
D:5:      layout_basic, minmay_temple_entry_sparse_star, chequers_jeans,
          solitary_fountain, st_stairs_8
D:6:      layout_loops_ring, cheibrodos_sewer_entry_drain, uniq_duvessa,
          uniq_sigmund, uniq_edmund, uniq_blork_the_orc
D:7:      layout_rooms, serial_shops, nicolae_square_shop, shop, shop
D:8:      layout_loops_cross, okawaru_humans
Temple:   regret_index_temple_chain_breaker

Skill      XL: |  1  2  3  4  5  6  7  8  9 |
---------------+----------------------------+-----
Stealth        | 3 4 5 6 |  6.7
Fighting       | 1 2 3 4 |  4.2
Short Blades   | 1 2 3 4 |  4.2
Transmutations | 1 2 3 4 |  4.1
Dodging        | 3 4 5 |  5.3
Necromancy     | 5 6 |  6.8
Spellcasting   | 3 4 5 |  5.3
Long Blades    | 1 3 4 |  4.5
Shields        | 1 |  1.4
Polearms       | |  0.3
Staves         | |  0.7
Throwing       | |  0.7

Action                     |  1- 3 |  4- 6 |  7- 9 | 10-12 || total
---------------------------+-------+-------+-------+-------++-------
  Melee: Spear             |    11 |       |       |       ||    11
         Unarmed           |     5 |       |       |       ||     5
         Constrict         |    16 |    17 |    61 |     2 ||    96
         Tentacles         |    13 |    25 |    77 |     6 ||   121
         Dagger            |    71 |    70 |    36 |       ||   177
         Punch             |     2 |       |     7 |       ||     9
         Falchion          |       |       |   181 |       ||   181
         Rapier            |       |       |    79 |    16 ||    95
         Quarterstaff      |       |       |     7 |       ||     7
  Throw: Dart              |       |       |    16 |     4 ||    20
         Boomerang         |       |       |     4 |       ||     4
   Cast: Vampiric Draining |     2 |     5 |    30 |     6 ||    43
         Wereblood         |       |       |     2 |       ||     2
 Invoke: Call Merchant     |       |       |     1 |       ||     1
    Use: Potion            |       |     1 |       |       ||     1
         Scroll            |       |       |     6 |       ||     6
   Stab: Sleeping          |    14 |     5 |    15 |     1 ||    35
 Armour: Skin              |     8 |    11 |    53 |       ||    72
  Dodge: Dodged            |    45 |    32 |   198 |     9 ||   284
